 Dungeon Crawl Stone Soup version 0.31-a0-152-g6aa68a64a1 (webtiles) character file.

Game seed: 13699493206112798902

60 qw the Shooter (level 3, -1/31 HPs)
             Began as a Minotaur Hunter on June 10, 2023.
             Slain by a goblin
             ... wielding a +0 dagger
             ... led by Robin
              (3 damage)
             ... on level 2 of the Dungeon.
             The game lasted 00:00:28 (894 turns).

qw the Shooter (Minotaur Hunter)                     Turns: 894, Time: 00:00:28

Health: -1/31      AC:  6    Str: 15    XL:     3   Next: 80%
Magic:  2/2        EV: 11    Int:  6    God:
Gold:   42         SH:  0    Dex: 15    Spells: 2/2 levels left

rFire   . . .        Y - +0 shortbow
rCold   . . .        (shield currently unavailable)
rNeg    . . .        k - +0 ring mail
rPois   .            (helmet restricted)
rElec   .            g - +0 cloak
rCorr   .            (no gloves)
SInv    .            (no boots)
Will    .....        j - amulet of the acrobat
Stlth   +            (no ring)
HPRegen 0.25/turn    (no ring)
MPRegen 0.08/turn

%: acrobat
@: no status effects
A: horns 2, retaliatory headbutt
a: no special abilities


You were on level 2 of the Dungeon.
You visited 1 branch of the dungeon, and saw 2 of its levels.

You collected 42 gold pieces.


Innate Abilities, Weirdness & Mutations

You have a pair of horns on your head.
You reflexively headbutt those who attack you in melee.


   Skills:
 - Level 3.0 Fighting
 + Level 5.5 Ranged Weapons
 - Level 1.6 Armour
 - Level 2.1 Dodging
 - Level 0.7 Stealth


You had 2 spell levels left.
You didn't know any spells.
Your spell library was empty.

Inventory:

Hand Weapons
 Y - a +0 shortbow (weapon)
Armour
 g - a +0 cloak (worn)
 k - a +0 ring mail (worn)
Jewellery
 j - an amulet of the acrobat (around neck)
Scrolls
 a - a scroll of enchant weapon {unknown}
Potions
 e - a potion of heal wounds {unknown}
 f - a potion of might
 h - a potion of curing {unknown}

Dungeon Overview and Level Annotations

Branches:
Dungeon (2/15)

Altars:

Annotations:
D:2 Robin


Message History

You shoot an arrow. The arrow hits the hobgoblin.
The hobgoblin is moderately wounded.
The hobgoblin hits you. The goblin misses you.
You shoot an arrow.
The arrow completely misses the hobgoblin.
The goblin barely misses you. The hobgoblin barely misses you.
Robin throws the goblin at you!
You shoot an arrow. The arrow closely misses the hobgoblin.
The goblin closely misses you. The goblin hits you with a +0 club.
The hobgoblin hits you but does no damage.
The goblin hits you with a +0 club. The goblin hits you with a +0 dagger.
The hobgoblin hits you.
You shoot an arrow. The arrow barely misses the hobgoblin.
The goblin barely misses you. The hobgoblin hits you.
The goblin hits you but does no damage.
You shoot an arrow. The arrow hits the hobgoblin.
The hobgoblin is almost dead.
The goblin no longer looks unusually strong. x2
The hobgoblin no longer looks unusually strong.
The goblin hits you with a +0 dagger. The hobgoblin barely misses you.
The goblin hits you but does no damage.
You shoot an arrow. The arrow hits the hobgoblin.
You kill the hobgoblin!
The goblin hits you but does no damage. x2
You shoot an arrow. The arrow hits the goblin!
You kill the goblin!
The hobgoblin no longer looks unusually strong.
The goblin closely misses you. The goblin barely misses you.
Robin throws the goblin at you! The goblin barely misses you.
The goblin misses you. The goblin barely misses you.
The hobgoblin closely misses you. The goblin hits you but does no damage.
You shoot an arrow. The arrow hits the goblin!
You kill the goblin!
The goblin hits you but does no damage. Robin throws the goblin at you!
The goblin hits you but does no damage.
The hobgoblin hits you but does no damage.
You shoot an arrow.
The arrow hits the goblin but does no damage.
The goblin closely misses you. The goblin hits you with a +0 dagger.
You die...

#.......... ...#
..........# #..#
#..#......# #..#
g#####....##.#.# #..#
...............###..###
......g.........%.....#
...g...gg###...%....#.#
#gg.....####.##.#
#@#####.# #.##.# #g# #.#
#.##.# #.#####.####.##.#
#............##.#
..#######.#####...#####.#
..........#######.# #.#
.#######.....# #.# #.#
#.###.# #.# #.## #.# #.#
#.# #...


You could see Robin, 3 hobgoblins and 2 goblins.

Vanquished Creatures
  2 adders (D:2)
  A dart slug (D:1)
  5 ball pythons
  3 giant cockroaches (D:1)
  7 hobgoblins
  2 quokkas
  2 bats
  3 frilled lizards (D:1)
  6 goblins (D:2)
  2 kobolds (D:1)
  3 rats
36 creatures vanquished.

Notes
Turn   | Place    | Note
-------+----------+-------------------------------------------
     0 | D:1      | qw the Minotaur Hunter began the quest for the Orb.
     0 | D:1      | Reached XP level 1. HP: 18/18 MP: 0/0
     0 | D:1      | 0 ||| qw: Version: 0.2-a-122-gbc61b45
     0 | D:1      | 0 ||| qw: Game counter: 3627
     0 | D:1      | 0 ||| qw: Always use a shield: true
     0 | D:1      | 0 ||| qw: God list: Okawaru
     0 | D:1      | 0 ||| qw: Allow faded altars: false
     0 | D:1      | 0 ||| qw: Do Orc after D:15 true
     0 | D:1      | 0 ||| qw: Do second Lair branch before Depths: true
     0 | D:1      | 0 ||| qw: Lair rune preference: random
     0 | D:1      | 0 ||| qw: Plans: Normal
     0 | D:1      | 0 ||| PLANNING D:1-11
   195 | D:1      | Reached XP level 2. HP: 25/25 MP: 1/1
   211 | D:1      | Reached skill level 5 in Ranged Weapons
   553 | D:1      | Reached skill level 3 in Fighting
   574 | D:1      | 574 ||| UPGRADING to +0 cloak.
   579 | D:1      | 579 ||| UPGRADING to +0 ring mail.
   589 | D:1      | 589 ||| DROPPING +0 leather armour.
   590 | D:1      | 590 ||| UPGRADING to amulet of the acrobat.
   595 | D:1      | 595 ||| READING scroll labelled EQUASCH BEJIEVE.
   596 | D:1      | 596 ||| DRINKING 2 murky black potions.
   597 | D:1      | 597 ||| DRINKING 2 white potions.
   598 | D:1      | 598 ||| DRINKING 2 viscous blue potions.
   599 | D:1      | 599 ||| DROPPING scroll of butterflies.
   600 | D:1      | 600 ||| DROPPING potion of enlightenment.
   601 | D:1      | 601 ||| DROPPING potion of magic.
   623 | D:2      | 623 ||| STAIRDANCE
   739 | D:2      | Reached skill level 1 in Armour
   739 | D:2      | Reached XP level 3. HP: 22/31 MP: 2/2
   876 | D:2      | Noticed Robin
   883 | D:2      | 883 ||| Stepping ~*~*~tactically~*~*~ (outnumbered).
   888 | D:2      | HP: 7/31 [hobgoblin[Robin] (1)]
   889 | D:2      | HP: 2/31 [hobgoblin[Robin] (5)]
   894 | D:2      | Slain by a goblin

Levels and vault maps discovered:
D:1:      minmay_arrival_four_loops, layout_rooms, serial_forest,
          infiniplex_forest_lined_corner, infiniplex_forest_clump_long,
          infiniplex_forest_lined_3_way, infiniplex_forest_end_3,
          infiniplex_forest_straight_1
D:2:      layout_loops_ring, uniq_robin

Skill      XL: |  1  2 |
---------------+-------+-----
Ranged Weapons | 5 |  5.5
Fighting       | 3 |  3.0
Armour         | 1 |  1.6
Dodging        | |  2.1
Stealth        | |  0.7

Action                     || total
---------------------------++-------
   Fire: Shortbow          ||   112
    Use: Potion            ||     3
         Scroll            ||     1
 Armour: Leather armour    ||     4
         Ring mail         ||    27
  Dodge: Dodged            ||    40

Table legend:
 A = Non-vault XP
 B = Vault XP
 C = Vault XP percentage of total XP
 D = Non-vault monster count
 E = Vault monster count
 F = Vault count percentage of total count
                 A         B        C        D         E       F
            +---------+---------+-------+---------+---------+-------
      Total |      73 |      13 |  15.1 |      29 |       7 |  19.4
            +---------+---------+-------+---------+---------+-------
        D:1 |      33 |       0 |   0.0 |      20 |       0 |   0.0
        D:2 |      40 |      13 |  24.5 |       9 |       7 |  43.8
            +---------+---------+-------+---------+---------+-------
